Maple Leafs vs Lightning
Created - February 28, 2024 at 20:24
Goals
|
| Maple Leafs |
1 |
0 |
1 |
2 |
| Lightning |
0 |
1 |
3 |
4 |
|
Shots
|
| Maple Leafs |
4 |
6 |
13 |
23 |
| Lightning |
9 |
7 |
13 |
29 |
|
1st period
1. Maple Leafs , Andre Burakovsky 22 (Jon Merrill 16) at 7:00
Penalties :
Brendan Lemieux (T.B) for Interference (Minor) at 0:22, Ben Smith (TOR) for Hooking (Minor) at 7:29, Noah Hanifin (T.B) for Slashing (Minor) at 12:57, Ryan Getzlaf (T.B) for Roughing (Minor) at 15:55
2nd period
2. Lightning , Alex Killorn 8 (Jack Roslovic 28, Jakob Chychrun 18) at 3:35
Penalties :
John Carlson (T.B) for Hooking (Minor) at 0:39, Brock Boeser (T.B) for Hooking (Minor) at 10:55, Elias Pettersson (TOR) for Slashing (Minor) at 16:59
3rd period
3. Lightning , Anthony Cirelli 8 (Shayne Gostisbehere 27, Michael Kostka 21) at 13:11
4. Maple Leafs , Ben Smith 18 (Jason Zucker 28, Aleksander Barkov 19) at 18:16
5. Lightning , Brendan Lemieux 23 (Yanni Gourde 38, Nikita Kucherov 30) at 19:13 (PP)
6. Lightning , Nikita Kucherov 27 (Brendan Lemieux 28, Yanni Gourde 39) at 19:39 (Empty Net)
Penalties :
Elias Pettersson (TOR) for High sticking (Minor) at 0:57, Andre Burakovsky (TOR) for Holding (Minor) at 3:50, Nicholas Baptiste (TOR) for High sticking (Minor) at 10:36, Zach Werenski (TOR) for Hooking (Minor) at 19:04
Goalie Stats
Kristers Gudlevskis (TOR), 25 saves from 28 shots - (0.893), L, 21-16-3, 59:38 minutes
Alex Nedeljkovic (T.B), 21 saves from 23 shots - (0.913), W, 23-18-3, 60:00 minutes
Players Stats for Maple Leafs
Player Name G A P +/- PIM S H SB GA TA FO MP PP MP PK MP
------------------------------------------------------------------------------------
Aleksander Barkov 0 1 1 1 0 2 1 0 1 0 5/6 17:45 4:24 2:57
Andre Burakovsky 1 0 1 1 2 2 0 0 0 0 0/0 15:27 4:05 0:00
Ben Smith 1 0 1 0 2 3 3 0 0 0 0/0 15:33 5:28 0:00
Bo Horvat 0 0 0 0 0 1 1 3 0 0 13/33 23:12 5:08 6:02
Brandon Saad 0 0 0 -1 0 0 2 2 0 0 0/0 8:36 0:11 1:11
Brenden Dillon 0 0 0 -1 0 0 1 0 0 0 0/0 9:50 0:00 0:00
Elias Pettersson 0 0 0 -1 4 1 2 1 0 0 3/6 12:08 0:23 0:31
Evander Kane 0 0 0 0 0 3 0 0 0 0 0/3 23:39 5:20 6:07
Haydn Fleury 0 0 0 -1 0 0 0 4 0 0 0/0 9:52 0:00 0:00
Jason Zucker 0 1 1 1 0 1 2 2 0 1 0/0 18:08 4:24 3:20
John Klingberg 0 0 0 -2 0 2 2 1 0 1 0/0 29:29 6:23 6:18
Jon Merrill 0 1 1 1 0 0 1 0 1 0 0/0 22:48 3:32 6:18
Luke Schenn 0 0 0 2 0 0 1 1 0 0 0/0 20:41 3:32 3:46
Nicholas Baptiste 0 0 0 -1 2 0 0 1 0 0 0/0 7:52 0:22 0:00
Patrice Cormier 0 0 0 -1 0 2 0 3 0 0 0/2 7:09 0:00 0:00
Pontus Aberg 0 0 0 -1 0 0 1 0 0 0 0/0 10:11 0:00 0:00
Tye McGinn 0 0 0 -1 0 1 1 1 0 0 1/1 10:11 0:00 0:00
Zach Werenski 0 0 0 -1 2 5 0 4 1 2 0/0 27:19 6:23 3:46
Players Stats for Lightning
Player Name G A P +/- PIM S H SB GA TA FO MP PP MP PK MP
------------------------------------------------------------------------------------
Alex Killorn 1 0 1 1 0 1 1 1 1 0 0/0 7:18 0:00 0:48
Anthony Cirelli 1 0 1 1 0 1 1 1 0 0 0/0 11:41 0:00 0:00
Brendan Lemieux 1 1 2 0 2 2 0 1 0 0 0/1 17:40 5:30 2:33
Brock Boeser 0 0 0 1 2 2 2 0 0 0 1/1 12:07 0:00 0:00
Daultan Leveillé 0 0 0 0 0 0 0 0 0 0 0/0 2:16 0:15 0:25
Jack Roslovic 0 1 1 1 0 4 1 0 0 0 3/5 8:45 0:00 1:51
Jakob Chychrun 0 1 1 0 0 1 0 0 0 0 0/0 12:41 0:00 1:25
Jimmy Vesey 0 0 0 -1 0 0 2 0 1 0 1/1 16:00 4:25 0:00
John Carlson 0 0 0 2 2 2 0 1 0 0 0/0 27:05 5:35 4:48
Michael Kostka 0 1 1 2 0 1 1 0 0 1 0/0 28:31 5:35 6:13
Nikita Kucherov 1 1 2 0 0 4 1 2 1 0 7/10 24:30 5:36 5:21
Noah Hanifin 0 0 0 -1 2 1 1 0 0 1 0/0 10:37 0:00 0:00
Patrice Bergeron 0 0 0 -1 0 3 1 2 0 0 4/7 19:37 4:25 3:30
Ryan Getzlaf 0 0 0 1 2 0 1 1 0 0 3/6 12:25 0:09 0:00
Shayne Gostisbehere 0 1 1 0 0 1 0 1 1 1 0/0 21:10 4:29 3:42
Tyler Kennedy 0 0 0 -1 0 3 2 0 0 0 0/1 15:56 4:22 0:00
Victor Hedman 0 0 0 0 0 2 2 1 0 0 0/0 21:10 4:29 3:42
Yanni Gourde 0 2 2 0 0 1 0 0 0 0 10/19 20:31 5:30 5:22
3 Stars
1 - Nikita Kucherov (T.B)
2 - Anthony Cirelli (T.B)
3 - Alex Killorn (T.B)
Power Play
Maple Leafs - 0 on 5 Attempt(s) - 0.00%
Lightning - 1 on 6 Attempt(s) - 16.67%
Penalty Kill
Maple Leafs - 5 on 6 Attempt(s) - 83.33%
- Score 0 goal in Penalty Kill
Lightning - 5 on 5 Attempt(s) - 100.00%
- Score 0 goal in Penalty Kill
Team Stat
Maple Leafs - Hits : 18 - Faceoff Wins : 22 - Blocked Shots : 23 - Penalty Minutes : 12
Lightning - Hits : 16 - Faceoff Wins : 29 - Blocked Shots : 11 - Penalty Minutes : 10
Official
Referees : Pierre Lambert and Ghislain Hebert
Linesman : Matt MacPherson and Kory Nagy
Game Notes
Nikita Kucherov has scored in a empty net!
Finance
Level 1 -- Attendance: 6000 (100.00%) -- Ticket Income $600,000
Level 2 -- Attendance: 4864 (97.28%) -- Ticket Income $291,840
Level 3 -- Attendance: 1930 (96.50%) -- Ticket Income $67,550
Level 4 -- Attendance: 3947 (98.68%) -- Ticket Income $98,675
Luxury Box -- Attendance: 914 (91.40%) -- Ticket Income $182,800
Game was played at the Amalie Arena.
Total Attendance: 17655 (98.08%)
Total Ticket Income: $1,240,865
Other Income: $186,130
Total Income: $1,426,995
Maple Leafs
5 vs 5 Forward
Center Left Wing Right Wing Time % Phy DF OF
1 Bo Horvat Evander Kane Andre Burakovsky 40 1 1 3
2 Aleksander Barkov Jason Zucker Ben Smith 30 1 2 2
3 Elias Pettersson Tye McGinn Pontus Aberg 20 1 2 2
4 Patrice Cormier Brandon Saad Nicholas Baptiste 10 1 2 2
5 vs 5 Defense
Defense Defense Time % Phy DF OF
1 Zach Werenski John Klingberg 40 1 3 1
2 Jon Merrill Luke Schenn 30 1 3 1
3 Haydn Fleury Brenden Dillon 20 1 3 1
4 Jon Merrill John Klingberg 10 1 3 1
PowerPlay Forward
Center Left Wing Right Wing Time % Phy DF OF
1 Bo Horvat Evander Kane Ben Smith 60 0 1 4
2 Aleksander Barkov Jason Zucker Andre Burakovsky 40 0 1 4
PowerPlay Defense
Defense Defense Time % Phy DF OF
1 Zach Werenski John Klingberg 60 0 2 3
2 Jon Merrill Luke Schenn 40 0 2 3
Penalty Kill 4 Players Forward
Center Wing Time % Phy DF OF
1 Bo Horvat Evander Kane 60 1 3 1
2 Aleksander Barkov Jason Zucker 40 1 3 1
Penalty Kill 4 Players Defense
Defense Defense Time % Phy DF OF
1 Jon Merrill John Klingberg 60 1 4 0
2 Zach Werenski Luke Schenn 40 1 4 0
Penalty Kill - 3 Players Forward
Forward Time % Phy DF OF
1 Bo Horvat 60 1 3 1
2 Aleksander Barkov 40 1 3 1
Penalty Kill - 3 Players Defense
Defense Defense Time % Phy DF OF
1 Jon Merrill John Klingberg 60 1 4 0
2 Zach Werenski Luke Schenn 40 1 4 0
4 vs 4 Forward
Center Wing Time % Phy DF OF
1 Bo Horvat Evander Kane 60 1 2 2
2 Aleksander Barkov Jason Zucker 40 1 2 2
4 vs 4 Defense
Defense Defense Time % Phy DF OF
1 Jon Merrill John Klingberg 60 1 3 1
2 Zach Werenski Luke Schenn 40 1 3 1
Last Minutes Offensive
Center Left Wing Right Wing Defense Defense
Bo Horvat Evander Kane Ben Smith Jon Merrill John Klingberg
Last Minutes Defensive
Center Left Wing Right Wing Defense Defense
Bo Horvat Evander Kane Ben Smith Jon Merrill John Klingberg
Goaltenders
Starting : Kristers Gudlevskis
Backup : Pavel Francouz
Extra Forwards
Normal : Jason Zucker, Aleksander Barkov, Tye McGinn - PP : Jason Zucker, Aleksander Barkov - PK : Jason Zucker
Extra Defensemen
Normal : Luke Schenn, Haydn Fleury, Brenden Dillon - PP : Luke Schenn - PK : Luke Schenn, Haydn Fleury
Penalty Shots
Evander Kane, Ben Smith, Bo Horvat, Andre Burakovsky, Jason Zucker
Custom OT Lines Forwards
Evander Kane, Ben Smith, Bo Horvat, Andre Burakovsky, Jason Zucker, Aleksander Barkov, Tye McGinn, Pontus Aberg, Brandon Saad, Patrice Cormier
Custom OT Lines Defensemen
Jon Merrill, John Klingberg, Zach Werenski, Luke Schenn, Haydn Fleury
Scratches
Brett Pesce (Healthy), Valentin Zykov (Healthy)
Lightning
5 vs 5 Forward
Center Left Wing Right Wing Time % Phy DF OF
1 Yanni Gourde Brendan Lemieux Nikita Kucherov 40 1 2 2
2 Patrice Bergeron Jimmy Vesey Tyler Kennedy 30 1 2 2
3 Ryan Getzlaf Anthony Cirelli Brock Boeser 20 1 2 2
4 Jack Roslovic Alex Killorn Nikita Kucherov 10 1 2 2
5 vs 5 Defense
Defense Defense Time % Phy DF OF
1 John Carlson Michael Kostka 40 1 2 2
2 Victor Hedman Shayne Gostisbehere 30 1 2 2
3 Noah Hanifin Jakob Chychrun 20 1 2 2
4 John Carlson Michael Kostka 10 1 2 2
PowerPlay Forward
Center Left Wing Right Wing Time % Phy DF OF
1 Yanni Gourde Brendan Lemieux Nikita Kucherov 60 1 2 2
2 Patrice Bergeron Jimmy Vesey Tyler Kennedy 40 1 2 2
PowerPlay Defense
Defense Defense Time % Phy DF OF
1 John Carlson Michael Kostka 60 1 2 2
2 Victor Hedman Shayne Gostisbehere 40 1 2 2
Penalty Kill 4 Players Forward
Center Wing Time % Phy DF OF
1 Nikita Kucherov Yanni Gourde 60 1 2 2
2 Brendan Lemieux Patrice Bergeron 40 1 2 2
Penalty Kill 4 Players Defense
Defense Defense Time % Phy DF OF
1 John Carlson Michael Kostka 60 1 2 2
2 Victor Hedman Shayne Gostisbehere 40 1 2 2
Penalty Kill - 3 Players Forward
Forward Time % Phy DF OF
1 Nikita Kucherov 60 1 2 2
2 Yanni Gourde 40 1 2 2
Penalty Kill - 3 Players Defense
Defense Defense Time % Phy DF OF
1 John Carlson Michael Kostka 60 1 2 2
2 Victor Hedman Shayne Gostisbehere 40 1 2 2
4 vs 4 Forward
Center Wing Time % Phy DF OF
1 Nikita Kucherov Yanni Gourde 60 1 2 2
2 Brendan Lemieux Patrice Bergeron 40 1 2 2
4 vs 4 Defense
Defense Defense Time % Phy DF OF
1 John Carlson Michael Kostka 60 1 2 2
2 Victor Hedman Shayne Gostisbehere 40 1 2 2
Last Minutes Offensive
Center Left Wing Right Wing Defense Defense
Yanni Gourde Brendan Lemieux Nikita Kucherov John Carlson Michael Kostka
Last Minutes Defensive
Center Left Wing Right Wing Defense Defense
Yanni Gourde Brendan Lemieux Nikita Kucherov John Carlson Michael Kostka
Goaltenders
Starting : Alex Nedeljkovic
Backup : Marc-André Fleury
Extra Forwards
Normal : Daultan Leveillé, Ryan Getzlaf, Jack Roslovic - PP : Daultan Leveillé, Ryan Getzlaf - PK : Jack Roslovic
Extra Defensemen
Normal : Noah Hanifin, Jakob Chychrun, Victor Hedman - PP : Noah Hanifin - PK : Jakob Chychrun, Victor Hedman
Penalty Shots
Nikita Kucherov, Yanni Gourde, Brendan Lemieux, Patrice Bergeron, Ryan Getzlaf
Custom OT Lines Forwards
Nikita Kucherov, Yanni Gourde, Brendan Lemieux, Patrice Bergeron, Ryan Getzlaf, Tyler Kennedy, Jimmy Vesey, Jack Roslovic, Brock Boeser, Daultan Leveillé
Custom OT Lines Defensemen
John Carlson, Michael Kostka, Victor Hedman, Shayne Gostisbehere, Noah Hanifin
Scratches
Jesper Fast (Healthy)
% Time on Ice - Maple Leafs
Lines # - Real PCT - Wanted PCT - Time Play
Normal Forward
1 - 30% - 40% - 11:51
2 - 26% - 30% - 10:24
3 - 26% - 20% - 10:11
4 - 18% - 10% - 7:09
Normal Defense
1 - 42% - 40% - 16:27
2 - 34% - 30% - 13:23
3 - 24% - 20% - 9:40
4 - 0% - 10% - 0:05
PP Forward
1 - 56% - 60% - 5:31
2 - 44% - 40% - 4:24
PP Defense
1 - 64% - 60% - 6:23
2 - 36% - 40% - 3:32
PK Forward
1 - 73% - 60% - 7:18
2 - 27% - 40% - 2:46
PK Defense
1 - 63% - 60% - 6:18
2 - 37% - 40% - 3:46
PK3 Forward
1 - 0% - 60%
2 - 0% - 40%
PK3 Defense
1 - 0% - 60%
2 - 0% - 40%
44 Forward
1 - 0% - 60%
2 - 0% - 40%
44 Defense
1 - 0% - 60%
2 - 0% - 40%
Last Minute Offensive - 0:26
Last Minute Defensive - 0:00
Total
Forward - 60:00
Defense - 60:00
|
% Time on Ice - Lightning
Lines # - Real PCT - Wanted PCT - Time Play
Normal Forward
1 - 27% - 40% - 10:32
2 - 31% - 30% - 12:27
3 - 30% - 20% - 11:41
4 - 12% - 10% - 4:55
Normal Defense
1 - 41% - 40% - 16:17
2 - 33% - 30% - 12:59
3 - 26% - 20% - 10:19
4 - 0% - 10% - 0:00
PP Forward
1 - 56% - 60% - 5:39
2 - 44% - 40% - 4:25
PP Defense
1 - 55% - 60% - 5:35
2 - 45% - 40% - 4:29
PK Forward
1 - 65% - 60% - 6:25
2 - 35% - 40% - 3:30
PK Defense
1 - 63% - 60% - 6:13
2 - 37% - 40% - 3:42
PK3 Forward
1 - 0% - 60%
2 - 0% - 40%
PK3 Defense
1 - 0% - 60%
2 - 0% - 40%
44 Forward
1 - 0% - 60%
2 - 0% - 40%
44 Defense
1 - 0% - 60%
2 - 0% - 40%
Last Minute Offensive - 0:00
Last Minute Defensive - 0:26
Total
Forward - 60:00
Defense - 60:00
|
Play-by-Play
1st period
0:01 of 1st period - Yanni Gourde wins face-off versus Bo Horvat in neutral zone.
0:08 of 1st period - Snap shot by Evander Kane.
0:08 of 1st period - Stopped by Alex Nedeljkovic with a rebound.
0:10 of 1st period - Slapshot by Bo Horvat.
0:10 of 1st period - Shot Misses the Net.
0:12 of 1st period - Slapshot by John Klingberg.
0:12 of 1st period - Shot Misses the Net.
0:16 of 1st period - Backhand shot by Evander Kane.
0:16 of 1st period - Shot Misses the Net.
0:22 of 1st period - Minor Penalty to Brendan Lemieux for Interference.
0:23 of 1st period - Nikita Kucherov wins face-off versus Evander Kane in Lightning zone.
2:22 of 1st period - Penalty to Brendan Lemieux is over, Brendan Lemieux is back on ice.
2:26 of 1st period - Snap shot by Jack Roslovic.
2:26 of 1st period - Stopped by Kristers Gudlevskis with a rebound.
2:34 of 1st period - Brendan Lemieux is hit by Elias Pettersson and loses puck.
2:49 of 1st period - Wrist shot by Ryan Getzlaf.
2:49 of 1st period - Shot Misses the Net.
3:28 of 1st period - Evander Kane is hit by Noah Hanifin and loses puck.
4:28 of 1st period - Slapshot by Brandon Saad.
4:28 of 1st period - Shot Blocked by Nikita Kucherov.
4:40 of 1st period - Wrist shot by Brandon Saad.
4:40 of 1st period - Shot Misses the Net.
5:47 of 1st period - Zach Werenski is hit by Jack Roslovic and loses puck.
6:23 of 1st period - Aleksander Barkov is hit by Anthony Cirelli and loses puck.
7:00 of 1st period - Slapshot by Andre Burakovsky.
7:00 of 1st period - Goal by Andre Burakovsky - Maple Leafs : 1 - Lightning : 0.
7:01 of 1st period - Bo Horvat wins face-off versus Yanni Gourde in neutral zone.
7:29 of 1st period - Minor Penalty to Ben Smith for Hooking.
7:30 of 1st period - Yanni Gourde wins face-off versus Bo Horvat in Maple Leafs zone.
7:43 of 1st period - Wrist shot by Brendan Lemieux.
7:43 of 1st period - Shot Misses the Net.
7:57 of 1st period - John Klingberg is hit by Jimmy Vesey and loses puck.
9:29 of 1st period - Penalty to Ben Smith is over, Ben Smith is back on ice.
9:43 of 1st period - Wrist shot by Ryan Getzlaf.
9:43 of 1st period - Shot Misses the Net.
10:00 of 1st period - Snap shot by Jason Zucker.
10:00 of 1st period - Shot Blocked by Alex Killorn.
10:51 of 1st period - Icing by Patrice Bergeron.
10:52 of 1st period - Patrice Bergeron wins face-off versus Elias Pettersson in Lightning zone.
10:52 of 1st period - Patrice Bergeron is hit by Pontus Aberg.
11:20 of 1st period - Snap shot by Andre Burakovsky.
11:20 of 1st period - Shot Blocked by Brendan Lemieux.
11:42 of 1st period - Wrist shot by Brock Boeser.
11:42 of 1st period - Stopped by Kristers Gudlevskis without a rebound.
11:43 of 1st period - Patrice Bergeron wins face-off versus Bo Horvat in Maple Leafs zone.
11:55 of 1st period - Snap shot by Bo Horvat.
11:55 of 1st period - Shot Misses the Net.
11:57 of 1st period - Backhand shot by Zach Werenski.
11:57 of 1st period - Stopped by Alex Nedeljkovic with a rebound.
12:32 of 1st period - Backhand shot by Victor Hedman.
12:32 of 1st period - Stopped by Kristers Gudlevskis with a rebound.
12:34 of 1st period - Snap shot by Nikita Kucherov.
12:34 of 1st period - Shot Blocked by Jason Zucker.
12:57 of 1st period - Minor Penalty to Noah Hanifin for Slashing.
12:58 of 1st period - Nikita Kucherov wins face-off versus Bo Horvat in Lightning zone.
12:58 of 1st period - Nikita Kucherov is hit by Ben Smith.
13:05 of 1st period - Wrist shot by Nikita Kucherov.
13:05 of 1st period - Stopped by Kristers Gudlevskis without a rebound.
13:06 of 1st period - Nikita Kucherov wins face-off versus Bo Horvat in Maple Leafs zone.
13:09 of 1st period - Wrist shot by Yanni Gourde.
13:09 of 1st period - Stopped by Kristers Gudlevskis without a rebound.
13:10 of 1st period - Nikita Kucherov wins face-off versus Bo Horvat in Maple Leafs zone.
13:41 of 1st period - Snap shot by Jason Zucker.
13:41 of 1st period - Shot Misses the Net.
14:57 of 1st period - Penalty to Noah Hanifin is over, Noah Hanifin is back on ice.
15:13 of 1st period - Slapshot by Nikita Kucherov.
15:13 of 1st period - Deflect By Noah Hanifin.
15:13 of 1st period - Stopped by Kristers Gudlevskis with a rebound.
15:15 of 1st period - Backhand shot by Shayne Gostisbehere.
15:15 of 1st period - Deflect By Yanni Gourde.
15:15 of 1st period - Shot Blocked by Luke Schenn.
15:15 of 1st period - Puck is out of play.
15:16 of 1st period - Patrice Bergeron wins face-off versus Patrice Cormier in Maple Leafs zone.
15:21 of 1st period - Slapshot by John Carlson.
15:21 of 1st period - Shot Blocked by Brandon Saad.
15:23 of 1st period - Slapshot by Patrice Bergeron.
15:23 of 1st period - Stopped by Kristers Gudlevskis with a rebound.
15:25 of 1st period - Slapshot by John Carlson.
15:25 of 1st period - Shot Blocked by Patrice Cormier.
15:27 of 1st period - Slapshot by Michael Kostka.
15:27 of 1st period - Shot Misses the Net.
15:29 of 1st period - Slapshot by John Carlson.
15:29 of 1st period - Shot Blocked by Patrice Cormier.
15:31 of 1st period - Slapshot by Tyler Kennedy.
15:31 of 1st period - Stopped by Kristers Gudlevskis without a rebound.
15:32 of 1st period - Bo Horvat wins face-off versus Ryan Getzlaf in Maple Leafs zone.
15:55 of 1st period - Minor Penalty to Ryan Getzlaf for Roughing.
15:56 of 1st period - Bo Horvat wins face-off versus Nikita Kucherov in Lightning zone.
16:07 of 1st period - Slapshot by Evander Kane.
16:07 of 1st period - Shot Misses the Net.
17:55 of 1st period - Penalty to Ryan Getzlaf is over, Ryan Getzlaf is back on ice.
17:56 of 1st period - Brendan Lemieux is hit by Jon Merrill and loses puck.
18:31 of 1st period - Snap shot by Brandon Saad.
18:31 of 1st period - Shot Misses the Net.
18:58 of 1st period - Slapshot by Victor Hedman.
18:58 of 1st period - Stopped by Kristers Gudlevskis without a rebound.
18:59 of 1st period - Brock Boeser wins face-off versus Aleksander Barkov in Maple Leafs zone.
19:00 of 1st period - Snap shot by Ryan Getzlaf.
19:00 of 1st period - Shot Blocked by Zach Werenski.
19:12 of 1st period - Snap shot by Aleksander Barkov.
19:12 of 1st period - Stopped by Alex Nedeljkovic without a rebound.
19:13 of 1st period - Bo Horvat wins face-off versus Yanni Gourde in Lightning zone.
19:30 of 1st period - Wrist shot by Yanni Gourde.
19:30 of 1st period - Shot Misses the Net.
19:40 of 1st period - Jimmy Vesey is hit by Ben Smith and loses puck.
Goals for this period are 1 for Maple Leafs vs 0 for Lightning.
Shots for this period are 4 for Maple Leafs vs 9 for Lightning.
2nd period
0:01 of 2nd period - Yanni Gourde wins face-off versus Bo Horvat in neutral zone.
0:10 of 2nd period - Michael Kostka is hit by Bo Horvat and loses puck.
0:27 of 2nd period - John Klingberg is hit by Tyler Kennedy and loses puck.
0:39 of 2nd period - Minor Penalty to John Carlson for Hooking.
0:40 of 2nd period - Bo Horvat wins face-off versus Nikita Kucherov in Lightning zone.
0:43 of 2nd period - Slapshot by Zach Werenski.
0:43 of 2nd period - Stopped by Alex Nedeljkovic without a rebound.
0:44 of 2nd period - Nikita Kucherov wins face-off versus Bo Horvat in Lightning zone.
0:57 of 2nd period - Backhand shot by Zach Werenski.
0:57 of 2nd period - Shot Blocked by Nikita Kucherov.
0:59 of 2nd period - Slapshot by Ben Smith.
0:59 of 2nd period - Stopped by Alex Nedeljkovic without a rebound.
1:00 of 2nd period - Nikita Kucherov wins face-off versus Bo Horvat in Lightning zone.
1:04 of 2nd period - Off-side.
1:05 of 2nd period - Nikita Kucherov wins face-off versus Evander Kane in neutral zone.
1:08 of 2nd period - Bo Horvat is hit by Nikita Kucherov and loses puck.
2:39 of 2nd period - Penalty to John Carlson is over, John Carlson is back on ice.
2:59 of 2nd period - Patrice Cormier is hit by Michael Kostka.
3:05 of 2nd period - Slapshot by John Carlson.
3:05 of 2nd period - Shot Blocked by Haydn Fleury.
3:07 of 2nd period - Snap shot by John Carlson.
3:07 of 2nd period - Stopped by Kristers Gudlevskis with a rebound.
3:09 of 2nd period - Backhand shot by Michael Kostka.
3:09 of 2nd period - Shot Misses the Net.
3:11 of 2nd period - Slapshot by Michael Kostka.
3:11 of 2nd period - Shot Misses the Net.
3:13 of 2nd period - Wrist shot by Jack Roslovic.
3:13 of 2nd period - Shot Misses the Net.
3:25 of 2nd period - Wrist shot by John Carlson.
3:25 of 2nd period - Shot Misses the Net.
3:27 of 2nd period - Wrist shot by John Carlson.
3:27 of 2nd period - Shot Blocked by Haydn Fleury.
3:29 of 2nd period - Wrist shot by Jakob Chychrun.
3:29 of 2nd period - Shot Misses the Net.
3:31 of 2nd period - Wrist shot by Jakob Chychrun.
3:31 of 2nd period - Deflect By Nicholas Baptiste.
3:31 of 2nd period - Stopped by Kristers Gudlevskis with a rebound.
3:33 of 2nd period - Snap shot by Jack Roslovic.
3:33 of 2nd period - Stopped by Kristers Gudlevskis with a rebound.
3:35 of 2nd period - Snap shot by Alex Killorn.
3:35 of 2nd period - Goal by Alex Killorn - Maple Leafs : 1 - Lightning : 1.
3:36 of 2nd period - Bo Horvat wins face-off versus Yanni Gourde in neutral zone.
3:49 of 2nd period - Wrist shot by Evander Kane.
3:49 of 2nd period - Stopped by Alex Nedeljkovic with a rebound.
5:20 of 2nd period - Snap shot by Patrice Bergeron.
5:20 of 2nd period - Stopped by Kristers Gudlevskis with a rebound.
5:22 of 2nd period - Snap shot by John Carlson.
5:22 of 2nd period - Stopped by Kristers Gudlevskis without a rebound.
5:23 of 2nd period - Jimmy Vesey wins face-off versus Bo Horvat in Maple Leafs zone.
5:50 of 2nd period - Jason Zucker is hit by Brock Boeser and loses puck.
5:59 of 2nd period - Noah Hanifin is hit by Ben Smith.
8:13 of 2nd period - Brock Boeser is hit by John Klingberg and loses puck.
8:26 of 2nd period - Victor Hedman is hit by Aleksander Barkov and loses puck.
8:38 of 2nd period - Icing by Ben Smith.
8:39 of 2nd period - Jack Roslovic wins face-off versus Elias Pettersson in Maple Leafs zone.
9:43 of 2nd period - Off-side.
9:44 of 2nd period - Elias Pettersson wins face-off versus Yanni Gourde in neutral zone.
9:47 of 2nd period - Shayne Gostisbehere is hit by Luke Schenn.
10:31 of 2nd period - Andre Burakovsky is hit by Brock Boeser and loses puck.
10:55 of 2nd period - Minor Penalty to Brock Boeser for Hooking.
10:56 of 2nd period - Aleksander Barkov wins face-off versus Nikita Kucherov in Lightning zone.
12:39 of 2nd period - John Carlson is hit by Brandon Saad and loses puck.
12:55 of 2nd period - Penalty to Brock Boeser is over, Brock Boeser is back on ice.
13:19 of 2nd period - Slapshot by John Carlson.
13:19 of 2nd period - Shot Blocked by Zach Werenski.
14:10 of 2nd period - Brandon Saad is hit by Victor Hedman and loses puck.
14:44 of 2nd period - Wrist shot by Andre Burakovsky.
14:44 of 2nd period - Stopped by Alex Nedeljkovic with a rebound.
16:17 of 2nd period - Bo Horvat is hit by Alex Killorn and loses puck.
16:59 of 2nd period - Minor Penalty to Elias Pettersson for Slashing.
17:00 of 2nd period - Yanni Gourde wins face-off versus Bo Horvat in Maple Leafs zone.
17:31 of 2nd period - Snap shot by Tyler Kennedy.
17:31 of 2nd period - Stopped by Kristers Gudlevskis with a rebound.
17:33 of 2nd period - Snap shot by Patrice Bergeron.
17:33 of 2nd period - Deflect By Tyler Kennedy.
17:33 of 2nd period - Shot Blocked by Bo Horvat.
17:33 of 2nd period - Puck is out of play.
17:34 of 2nd period - Yanni Gourde wins face-off versus Bo Horvat in Maple Leafs zone.
17:51 of 2nd period - Jason Zucker is hit by Victor Hedman.
18:59 of 2nd period - Penalty to Elias Pettersson is over, Elias Pettersson is back on ice.
19:05 of 2nd period - Anthony Cirelli is hit by Elias Pettersson and loses puck.
19:28 of 2nd period - Wrist shot by Patrice Cormier.
19:28 of 2nd period - Stopped by Alex Nedeljkovic with a rebound.
19:41 of 2nd period - Off-side.
19:42 of 2nd period - Aleksander Barkov wins face-off versus Ryan Getzlaf in neutral zone.
19:45 of 2nd period - Snap shot by Aleksander Barkov.
19:45 of 2nd period - Stopped by Alex Nedeljkovic without a rebound.
19:46 of 2nd period - Ryan Getzlaf wins face-off versus Evander Kane in Lightning zone.
19:46 of 2nd period - Ryan Getzlaf is hit by Brenden Dillon.
19:59 of 2nd period - Snap shot by Brock Boeser.
19:59 of 2nd period - Shot Blocked by Bo Horvat.
Goals for this period are 0 for Maple Leafs vs 1 for Lightning.
Shots for this period are 6 for Maple Leafs vs 7 for Lightning.
3rd period
0:01 of 3rd period - Bo Horvat wins face-off versus Brendan Lemieux in neutral zone.
0:57 of 3rd period - Minor Penalty to Elias Pettersson for High sticking.
0:58 of 3rd period - Yanni Gourde wins face-off versus Bo Horvat in Maple Leafs zone.
1:12 of 3rd period - Wrist shot by Brendan Lemieux.
1:12 of 3rd period - Stopped by Kristers Gudlevskis without a rebound.
1:13 of 3rd period - Bo Horvat wins face-off versus Yanni Gourde in Maple Leafs zone.
1:44 of 3rd period - Snap shot by Zach Werenski.
1:44 of 3rd period - Deflect By Aleksander Barkov.
1:44 of 3rd period - Shot Blocked by Patrice Bergeron.
1:44 of 3rd period - Puck is out of play.
1:45 of 3rd period - Aleksander Barkov wins face-off versus Patrice Bergeron in Lightning zone.
1:52 of 3rd period - Slapshot by John Klingberg.
1:52 of 3rd period - Deflect By Shayne Gostisbehere.
1:52 of 3rd period - Stopped by Alex Nedeljkovic with a rebound.
2:22 of 3rd period - Wrist shot by Bo Horvat.
2:22 of 3rd period - Shot Blocked by Victor Hedman.
2:33 of 3rd period - Off-side.
2:34 of 3rd period - Patrice Bergeron wins face-off versus Bo Horvat in neutral zone.
2:49 of 3rd period - Wrist shot by Jimmy Vesey.
2:49 of 3rd period - Shot Blocked by Zach Werenski.
2:57 of 3rd period - Penalty to Elias Pettersson is over, Elias Pettersson is back on ice.
2:59 of 3rd period - Tyler Kennedy is hit by Jason Zucker and loses puck.
3:14 of 3rd period - Snap shot by Tyler Kennedy.
3:14 of 3rd period - Shot Blocked by Jason Zucker.
3:24 of 3rd period - Michael Kostka is hit by Jason Zucker and loses puck.
3:37 of 3rd period - Snap shot by Elias Pettersson.
3:37 of 3rd period - Shot Blocked by Patrice Bergeron.
3:43 of 3rd period - Slapshot by Zach Werenski.
3:43 of 3rd period - Shot Misses the Net.
3:45 of 3rd period - Backhand shot by Luke Schenn.
3:45 of 3rd period - Deflect By Elias Pettersson.
3:45 of 3rd period - Stopped by Alex Nedeljkovic without a rebound.
3:46 of 3rd period - Yanni Gourde wins face-off versus Bo Horvat in Lightning zone.
3:50 of 3rd period - Minor Penalty to Andre Burakovsky for Holding.
3:51 of 3rd period - Bo Horvat wins face-off versus Yanni Gourde in Maple Leafs zone.
4:01 of 3rd period - Snap shot by Evander Kane.
4:01 of 3rd period - Stopped by Alex Nedeljkovic with a rebound.
4:03 of 3rd period - Wrist shot by Evander Kane.
4:03 of 3rd period - Shot Blocked by Shayne Gostisbehere.
4:05 of 3rd period - Wrist shot by Evander Kane.
4:05 of 3rd period - Deflect By Bo Horvat.
4:05 of 3rd period - Stopped by Alex Nedeljkovic with a rebound.
5:50 of 3rd period - Penalty to Andre Burakovsky is over, Andre Burakovsky is back on ice.
6:02 of 3rd period - Wrist shot by Pontus Aberg.
6:02 of 3rd period - Shot Misses the Net.
6:04 of 3rd period - Slapshot by Luke Schenn.
6:04 of 3rd period - Deflect By Tye McGinn.
6:04 of 3rd period - Stopped by Alex Nedeljkovic without a rebound.
6:05 of 3rd period - Ryan Getzlaf wins face-off versus Patrice Cormier in Lightning zone.
6:05 of 3rd period - Ryan Getzlaf is hit by Brandon Saad.
6:21 of 3rd period - Slapshot by Brock Boeser.
6:21 of 3rd period - Shot Misses the Net.
6:37 of 3rd period - Slapshot by Shayne Gostisbehere.
6:37 of 3rd period - Stopped by Kristers Gudlevskis without a rebound.
6:38 of 3rd period - Jack Roslovic wins face-off versus Bo Horvat in Maple Leafs zone.
6:41 of 3rd period - Snap shot by Jack Roslovic.
6:41 of 3rd period - Stopped by Kristers Gudlevskis with a rebound.
7:15 of 3rd period - Snap shot by Jason Zucker.
7:15 of 3rd period - Shot Misses the Net.
7:29 of 3rd period - Snap shot by Ryan Getzlaf.
7:29 of 3rd period - Deflect By Anthony Cirelli.
7:29 of 3rd period - Shot Blocked by Elias Pettersson.
7:29 of 3rd period - Puck is out of play.
7:30 of 3rd period - Ryan Getzlaf wins face-off versus Bo Horvat in Maple Leafs zone.
7:33 of 3rd period - Snap shot by Brock Boeser.
7:33 of 3rd period - Shot Misses the Net.
7:57 of 3rd period - Slapshot by Zach Werenski.
7:57 of 3rd period - Deflect By Yanni Gourde.
7:57 of 3rd period - Stopped by Alex Nedeljkovic with a rebound.
7:59 of 3rd period - Snap shot by Jason Zucker.
7:59 of 3rd period - Stopped by Alex Nedeljkovic with a rebound.
8:03 of 3rd period - Wrist shot by Ben Smith.
8:03 of 3rd period - Stopped by Alex Nedeljkovic with a rebound.
8:05 of 3rd period - Slapshot by Zach Werenski.
8:05 of 3rd period - Stopped by Alex Nedeljkovic with a rebound.
8:07 of 3rd period - Slapshot by John Klingberg.
8:07 of 3rd period - Stopped by Alex Nedeljkovic with a rebound.
9:04 of 3rd period - Off-side.
9:05 of 3rd period - Aleksander Barkov wins face-off versus Patrice Bergeron in neutral zone.
10:06 of 3rd period - Snap shot by Tye McGinn.
10:06 of 3rd period - Shot Misses the Net.
10:08 of 3rd period - Slapshot by Luke Schenn.
10:08 of 3rd period - Shot Blocked by Anthony Cirelli.
10:22 of 3rd period - Slapshot by Jimmy Vesey.
10:22 of 3rd period - Shot Blocked by Haydn Fleury.
10:24 of 3rd period - Snap shot by Jimmy Vesey.
10:24 of 3rd period - Shot Blocked by Haydn Fleury.
10:26 of 3rd period - Slapshot by Tyler Kennedy.
10:26 of 3rd period - Stopped by Kristers Gudlevskis with a rebound.
10:28 of 3rd period - Slapshot by Patrice Bergeron.
10:28 of 3rd period - Stopped by Kristers Gudlevskis with a rebound.
10:30 of 3rd period - Snap shot by Shayne Gostisbehere.
10:30 of 3rd period - Shot Blocked by Patrice Cormier.
10:36 of 3rd period - Minor Penalty to Nicholas Baptiste for High sticking.
10:37 of 3rd period - Yanni Gourde wins face-off versus Bo Horvat in Maple Leafs zone.
11:07 of 3rd period - Off-side.
11:08 of 3rd period - Aleksander Barkov wins face-off versus Tyler Kennedy in neutral zone.
11:38 of 3rd period - Snap shot by Brendan Lemieux.
11:38 of 3rd period - Deflect By Yanni Gourde.
11:38 of 3rd period - Shot Misses the Net.
11:38 of 3rd period - Puck is out of play.
11:39 of 3rd period - Bo Horvat wins face-off versus Yanni Gourde in Maple Leafs zone.
11:56 of 3rd period - Snap shot by Nikita Kucherov.
11:56 of 3rd period - Stopped by Kristers Gudlevskis without a rebound.
11:57 of 3rd period - Bo Horvat wins face-off versus Patrice Bergeron in Maple Leafs zone.
12:24 of 3rd period - Nikita Kucherov is hit by John Klingberg and loses puck.
12:36 of 3rd period - Penalty to Nicholas Baptiste is over, Nicholas Baptiste is back on ice.
12:45 of 3rd period - Wrist shot by Zach Werenski.
12:45 of 3rd period - Deflect By Shayne Gostisbehere.
12:45 of 3rd period - Stopped by Alex Nedeljkovic without a rebound.
12:46 of 3rd period - Tye McGinn wins face-off versus Ryan Getzlaf in Lightning zone.
12:51 of 3rd period - Wrist shot by Tye McGinn.
12:51 of 3rd period - Shot Blocked by Ryan Getzlaf.
13:01 of 3rd period - Slapshot by Brock Boeser.
13:01 of 3rd period - Shot Blocked by Tye McGinn.
13:03 of 3rd period - Snap shot by Brock Boeser.
13:03 of 3rd period - Stopped by Kristers Gudlevskis with a rebound.
13:05 of 3rd period - Backhand shot by Brock Boeser.
13:05 of 3rd period - Shot Blocked by Zach Werenski.
13:07 of 3rd period - Snap shot by Michael Kostka.
13:07 of 3rd period - Stopped by Kristers Gudlevskis with a rebound.
13:09 of 3rd period - Slapshot by Shayne Gostisbehere.
13:09 of 3rd period - Shot Blocked by John Klingberg.
13:11 of 3rd period - Wrist shot by Anthony Cirelli.
13:11 of 3rd period - Goal by Anthony Cirelli - Maple Leafs : 1 - Lightning : 2.
13:12 of 3rd period - Yanni Gourde wins face-off versus Bo Horvat in neutral zone.
13:39 of 3rd period - John Klingberg is hit by Patrice Bergeron and loses puck.
14:30 of 3rd period - Wrist shot by Patrice Cormier.
14:30 of 3rd period - Stopped by Alex Nedeljkovic without a rebound.
14:31 of 3rd period - Bo Horvat wins face-off versus Yanni Gourde in Lightning zone.
14:43 of 3rd period - Snap shot by Andre Burakovsky.
14:43 of 3rd period - Shot Blocked by John Carlson.
15:02 of 3rd period - Brendan Lemieux is hit by Tye McGinn.
15:23 of 3rd period - Brenden Dillon is hit by Jimmy Vesey.
15:52 of 3rd period - Wrist shot by Ryan Getzlaf.
15:52 of 3rd period - Shot Blocked by Brandon Saad.
16:10 of 3rd period - Slapshot by Bo Horvat.
16:10 of 3rd period - Shot Misses the Net.
17:10 of 3rd period - Tye McGinn is hit by Tyler Kennedy and loses puck.
17:41 of 3rd period - Snap shot by Jack Roslovic.
17:41 of 3rd period - Stopped by Kristers Gudlevskis with a rebound.
17:45 of 3rd period - Wrist shot by Brock Boeser.
17:45 of 3rd period - Shot Blocked by Nicholas Baptiste.
18:16 of 3rd period - Wrist shot by Ben Smith.
18:16 of 3rd period - Goal by Ben Smith - Maple Leafs : 2 - Lightning : 2.
18:17 of 3rd period - Elias Pettersson wins face-off versus Jack Roslovic in neutral zone.
18:44 of 3rd period - Andre Burakovsky is hit by Ryan Getzlaf and loses puck.
18:49 of 3rd period - Snap shot by Shayne Gostisbehere.
18:49 of 3rd period - Shot Blocked by Bo Horvat.
19:04 of 3rd period - Minor Penalty to Zach Werenski for Hooking.
19:05 of 3rd period - Yanni Gourde wins face-off versus Bo Horvat in Maple Leafs zone.
19:13 of 3rd period - Slapshot by Brendan Lemieux.
19:13 of 3rd period - Goal by Brendan Lemieux - Maple Leafs : 2 - Lightning : 3.
19:14 of 3rd period - Bo Horvat wins face-off versus Yanni Gourde in neutral zone.
19:17 of 3rd period - Maple Leafs, Kristers Gudlevskis is pulled from the net.
19:19 of 3rd period - Wrist shot by Evander Kane.
19:19 of 3rd period - Shot Misses the Net.
19:37 of 3rd period - Slapshot by Brendan Lemieux.
19:37 of 3rd period - Shot Misses the Net.
19:39 of 3rd period - Snap shot by Nikita Kucherov.
19:39 of 3rd period - Goal by Nikita Kucherov - Maple Leafs : 2 - Lightning : 4.
19:39 of 3rd period - Kristers Gudlevskis from Maple Leafs was sent back in the game.
19:40 of 3rd period - Jack Roslovic wins face-off versus Elias Pettersson in neutral zone.
19:43 of 3rd period - Snap shot by Nikita Kucherov.
19:43 of 3rd period - Stopped by Kristers Gudlevskis without a rebound.
19:44 of 3rd period - Elias Pettersson wins face-off versus Jack Roslovic in Maple Leafs zone.
Goals for this period are 1 for Maple Leafs vs 3 for Lightning.
Shots for this period are 13 for Maple Leafs vs 13 for Lightning.